 Dungeon Crawl Stone Soup version 0.31-a0-174-g85c54bcb58 (webtiles) character file.

Game seed: 102741293136719133

125 Anon1729 the Trooper (level 4, 0/41 HPs)
             Began as a Minotaur Monk on June 15, 2023.
             Killed by nerve-wracking pain
             ... invoked by Grinder
              (3 damage)
             ... on level 3 of the Dungeon.
             The game lasted 00:00:40 (1536 turns).

Anon1729 the Trooper (Minotaur Monk)                Turns: 1536, Time: 00:00:40

Health: 0/41       AC:  3    Str: 15    XL:     4   Next: 82%
Magic:  4/4        EV: 13    Int:  7    God:
Gold:   83         SH:  0    Dex: 15    Spells: 3/3 levels left

rFire   . . .        a - +0 short sword
rCold   . . .        d - orb {light}
rNeg    . . .        b - +0 robe
rPois   .            (helmet restricted)
rElec   .            o - +0 cloak
rCorr   .            (no gloves)
SInv    .            (no boots)
Will    .....        (no amulet)
Stlth   +            (no ring)
HPRegen 0.26/turn    (no ring)
MPRegen 0.09/turn

%: no passive effects
@: glowing
A: horns 2, retaliatory headbutt
a: no special abilities


You were on level 3 of the Dungeon.
You visited 1 branch of the dungeon, and saw 3 of its levels.

You collected 83 gold pieces.

Inventory:

Hand Weapons
 a - a +0 short sword (weapon)
Missiles
 n - 11 curare-tipped darts
Armour
 b - a +0 robe (worn)
 d - an orb of light (worn)
 o - a +0 cloak (worn)
Scrolls
 e - a scroll of enchant weapon {unknown}
 f - a scroll of teleportation {unknown}
 h - 3 scrolls of identify {unknown}
 m - a scroll of brand weapon {unknown}
Potions
 c - a potion of ambrosia
 g - a potion of attraction {unknown}
 i - a potion of might {unknown}
 j - 2 potions of degeneration {unknown}
 k - a potion of heal wounds {unknown}
 l - 2 potions of haste


   Skills:
 + Level 4.4 Fighting
 + Level 4.0 Short Blades
 + Level 2.2 Armour
 + Level 4.0 Dodging
 + Level 1.7 Invocations


You had 3 spell levels left.
You didn't know any spells.
Your spell library contained the following spells:

 Spells                   Type           Power      Damage    Failure   Level
 Cigotuvi's Dreadful Rot  Necr/Pois/Air  0%         N/A       56%         2
 Dispel Undead            Necr           0%         3d6       99%         4
 Death Channel            Necr           0%         N/A       100%        6


Dungeon Overview and Level Annotations

Branches:
Dungeon (3/15)

Altars:

Annotations:
D:3 Grinder


Innate Abilities, Weirdness & Mutations

You have a pair of horns on your head.
You reflexively headbutt those who attack you in melee.


Message History

The kobold is severely wounded.
The kobold hits you but does no damage.
You hit the kobold.
You kill the kobold!
A ball python comes into view.
The ball python hisses angrily.
You hit the rat.
You kill the rat!
There is a stone staircase leading up here.
A worm comes into view.
Grinder comes into view.
The ball python bites you but does no damage.
The ball python grabs you. The ball python constricts you.
You hit the ball python.
You kill the ball python!
Grinder blinks!
Found 5 stones.
Grinder barely misses you.
You hit Grinder. You headbutt Grinder!
Grinder is moderately wounded.
You barely miss Grinder. You headbutt Grinder.
Grinder is heavily wounded.
Grinder gestures at you.
You suddenly lose the ability to move!
The worm bites you!
A hobgoblin comes into view.
Grinder hits you.
You writhe in agony.
The hobgoblin shouts!
Grinder hits you but does no damage. The worm bites you! Grinder hits you!
* * * LOW HITPOINT WARNING * * *
You writhe in agony.
* * * LOW HITPOINT WARNING * * *
The worm bites you.
* * * LOW HITPOINT WARNING * * *
You can move again.
Unknown command.
Unknown command.
Grinder drinks a potion.
Grinder seems to speed up.
Grinder gestures at you. Pain shoots through your body!
You die...

# ... ######....
#########.........
......).<@.†#####(#
#########.#....g...
#....w.5####.#
.....###.# ##..# .#
#.# ## ... ..


You could see Grinder (fast), a worm and a hobgoblin.

Vanquished Creatures
  Natasha (thrice) (D:2)
  3 adders (D:2)
  4 ball pythons
  An endoplasm (D:1)
  A goblin (D:1)
  3 hobgoblins
  A quokka (D:2)
  2 bats
  2 frilled lizards
  2 kobolds
  6 rats
28 creatures vanquished.

Notes
Turn   | Place    | Note
-------+----------+-------------------------------------------
     0 | D:1      | Anon1729 the Minotaur Monk began the quest for the Orb.
     0 | D:1      | Reached XP level 1. HP: 19/19 MP: 0/0
   237 | D:1      | Reached XP level 2. HP: 22/27 MP: 1/1
   733 | D:2      | Reached skill level 1 in Armour
   862 | D:2      | Reached skill level 1 in Invocations
   862 | D:2      | Reached XP level 3. HP: 33/33 MP: 2/2
   929 | D:2      | Noticed Natasha
   934 | D:2      | Killed Natasha
  1073 | D:2      | Reached XP level 4. HP: 39/40 MP: 2/4
  1075 | D:2      | Noticed Natasha
  1081 | D:2      | Killed Natasha
  1270 | D:2      | Noticed Natasha
  1276 | D:2      | Killed Natasha
  1527 | D:3      | Noticed Grinder
  1531 | D:3      | Paralysed by Grinder for 3 turns
  1536 | D:3      | Killed from afar by Grinder

Illustrated notes

Levels and vault maps discovered:
D:1:      grunt_arrival_crossed_arrows, layout_basic
D:2:      minmay_door_path, layout_loops_ring, nicolae_elevator_lobby_plus,
          uniq_natasha
D:3:      layout_rooms, ebering_ecumenical_altar_sacrificial,
          wander_ebering_terrifying_dragon_lair, uniq_grinder,
          uniq_crazy_yiuf_cottage

Skill      XL: |  1  2  3  4 |
---------------+-------------+-----
Armour         | 1 2 |  2.2
Fighting       | 4 |  4.4
Invocations    | 1 |  1.7
Short Blades   | 4 |  4.0
Dodging        | 4 |  4.0

Action                     |  1- 3 |  4- 6 || total
---------------------------+-------+-------++-------
  Melee: Short sword       |    51 |    20 ||    71
         Headbutt          |     7 |     6 ||    13
 Armour: Robe              |     5 |     3 ||     8
  Dodge: Dodged            |    32 |     8 ||    40

Table legend: (Time is in decaauts)
 A = Elapsed time spent in this place.
 B = Non-inter-level travel time spent in this place.
 C = Inter-level travel time spent in this place.
 D = Time resting spent in this place.
 E = Time spent auto-exploring this place.
 F = Levels seen in this place.
 G = Mean time per level.
                   A        B        C        D        E       F      G
               +--------+--------+--------+--------+--------+-----+--------+
         Total |   1523 |   1322 |    201 |      0 |   1163 |   3 |  507.7 |
       Dungeon |   1523 |   1322 |    201 |      0 |   1163 |   3 |  507.7 |
               +--------+--------+--------+--------+--------+-----+--------+

Top non-repeatable levels by time:
     D:2: 831 daAuts
     D:1: 676 daAuts
     D:3: 15 daAuts
